 Dungeon Crawl Stone Soup version 0.30-a0-305-g026cb31310 (console) character file.

Game seed: 11886583460193650134

69434 jejorda2 the Impaler (level 15, -13/180 HPs)
             Began as a Merfolk Berserker on Oct 22, 2022.
             Was a High Priest of Trog.
             Mangled by a death knight
             ... wielding a +3 great mace
              (26 damage)
             ... on level 14 of the Dungeon.
             The game lasted 00:51:27 (22137 turns).

jejorda2 the Impaler (Merfolk Berserker)           Turns: 22137, Time: 00:51:28

Health: -13/180    AC: 23    Str: 26      XL:     15   Next: 29%
Magic:  15/15      EV: 19    Int:  9 (12) God:    Trog [*****.]
Gold:   810        SH:  5    Dex: 21      Spells: 14/14 levels left

rFire   . . .      SeeInvis .    a - +1 halberd (flame)
rCold   + . .      Faith    .    (shield currently unavailable)
rNeg    . . .      Spirit   .    j - +5 ring mail of Divine Compulsion {rC+ Str+3 Dex+5}
rPois   +          Reflect  +    q - +2 helmet
rElec   +          Harm     .    N - +1 cloak of the Valley {rCorr Int+2}
rCorr   +          Rampage  .    e - +0 pair of gloves of Hangman {rElec rPois}
Will    ++...                    K - +2 pair of boots of Sin {+Blink}
Stlth   ..........               O - amulet of reflection
HPRegen 1.50/turn                y - ring "Cofik" {Will+ AC+4 Int+4}
MPRegen 0.14/turn                k - +4 ring of evasion

@: berserking (expiring), weak-willed, strong-willed (expiring), corroded,
regenerating (expiring), very quick
A: (nimble swimmer 2), mertail
a: Renounce Religion, Evoke Blink, Berserk, Trog's Hand, Brothers in Arms


You were on level 14 of the Dungeon.
You worshipped Trog.
Trog was extremely pleased with you.
You visited 2 branches of the dungeon, and saw 19 of its levels.
You also visited: Gauntlet.

You collected 1546 gold pieces.
You spent 736 gold pieces at shops.

Inventory:

Hand Weapons
 a - a +1 halberd of flaming (weapon)
Missiles
 c - 139 stones (quivered)
 h - 15 curare-tipped darts
 t - 15 boomerangs
 u - 64 poisoned darts
 P - 5 javelins
Armour
 e - the +0 pair of gloves of Hangman (worn) {rElec rPois}
   (You acquired it on level 5 of the Dungeon)

   rElec:     It insulates you from electricity.
   rPois:     It protects you from poison.
 j - the +5 ring mail of Divine Compulsion (worn) {rC+ Str+3 Dex+5}
   (You found it on level 7 of the Dungeon)

   Str:       It affects your strength (+3).
   Dex:       It affects your dexterity (+5).
   rC:        It protects you from cold.
 q - a +2 helmet (worn)
 F - a +2 chain mail of fire resistance
 K - the +2 pair of boots of Sin (worn) {+Blink}
   (You acquired it on level 12 of the Dungeon)

   +Blink:    It lets you blink.
 N - the +1 cloak of the Valley (worn) {rCorr Int+2}
   (You found it in a Gauntlet)

   Int:       It affects your intelligence (+2).
   rCorr:     It protects you from acid and corrosion.
Jewellery
 k - a +4 ring of evasion (right hand)
 o - a ring of positive energy
 s - the ring "Hiafaekk" {Ice Str+5}
   (You found it on level 8 of the Dungeon)

   [ring of ice]

   It enhances your ice magic.
   Str:       It affects your strength (+5).
   rF:        It makes you vulnerable to fire.
   rC:        It protects you from cold.
 y - the ring "Cofik" (left hand) {Will+ AC+4 Int+4}
   (You found it on level 10 of the Dungeon)

   [ring of protection]

   AC:        It affects your AC (+4).
   Int:       It affects your intelligence (+4).
   Will:      It increases your willpower.
 G - the ring "Ijiholem" {rF+ SInv}
   (You took it off a spriggan on level 5 of the Lair of Beasts)

   [ring of protection from fire]

   rF:        It protects you from fire.
   SInv:      It lets you see invisible.
 O - an amulet of reflection (around neck)
Wands
 f - a wand of roots (20)
 r - a wand of acid (21)
 x - a wand of paralysis (12)
 J - a wand of flame (22)
 L - a wand of mindburst (10)
Scrolls
 b - 5 scrolls of fog
 d - 2 scrolls of identify
 n - 11 scrolls of teleportation
 v - 2 scrolls of poison
 D - a scroll of blinking
 E - 2 scrolls of magic mapping
 I - 2 scrolls of fear
Potions
 g - 2 potions of heal wounds
 i - 4 potions of might
 l - 5 potions of mutation
 m - 9 potions of curing
 p - 4 potions of attraction
 w - 4 potions of haste
 z - 4 potions of flight
 A - 2 potions of resistance
 H - a potion of ambrosia
Miscellaneous
 C - a tin of tremorstones (2/2)


   Skills:
 - Level 12.0 Fighting
 - Level 20.0 Polearms
 - Level 12.0 Throwing
 + Level 11.5 Armour
 - Level 6.0 Dodging
 - Level 3.0 Stealth


You had 14 spell levels left.
You didn't know any spells.
Your spell library was empty.

Dungeon Overview and Level Annotations

Branches:
Dungeon (14/15)            Temple (0/1) D:6            Lair (5/5) D:9
  Swamp (0/4) Lair:3       Spider (0/4) Lair:3        Slime (0/5) Lair:5
    Orc (0/2) D:9         Gauntlet (visited)
 Vaults: D:13-14

Altars:
Ashenzari
Dithmenos
Elyvilon
Gozag
Kikubaaqudgha
Nemelex Xobeh
Qazlal
Ru
Trog
Vehumet
Xom
Yredelemnul
The Shining One
Jiyva
Lugonu

Shops:
D:11 [   D:12 *

Portals:
Abyss: Lair:5

Annotations:
D:9 Pikel


Innate Abilities, Weirdness & Mutations

((You are very nimble when in or above water. (Stealth+, EV+, Speed+++)))
Your lower body shifts to a powerful aquatic tail in water.


Message History

The brown ugly thing tail-slaps you! The acid corrodes you!
You are splashed with acid.
You resist. You block the death knight's attack.
You closely miss the death knight.
The death knight is heavily wounded.
You puncture the death knight! You burn the death knight.
The death knight is severely wounded.
The phantasmal warrior hits you!!
* * * LOW HITPOINT WARNING * * *
Your willpower is stripped away!
The brown ugly thing tail-slaps you but does no damage.
The death knight hits you with a +3 great mace.
* * * LOW HITPOINT WARNING * * *
You closely miss the death knight.
The death knight is severely wounded.
You closely miss the death knight.
The death knight is severely wounded.
The phantasmal warrior misses you.
The brown ugly thing tail-slaps you but does no damage.
The death knight barely misses you.
You barely miss the death knight.
The death knight is severely wounded.
You feel the effects of Trog's Hand fading.
You barely miss the death knight.
The death knight is severely wounded.
The phantasmal warrior hits you!
* * * LOW HITPOINT WARNING * * *
The brown ugly thing tail-slaps you.
* * * LOW HITPOINT WARNING * * *
You are splashed with acid.
You resist.
* * * LOW HITPOINT WARNING * * *
The death knight hits you but does no damage.
You slash the death knight! You burn the death knight.
The death knight is almost dead.
You closely miss the death knight.
The death knight is almost dead.
The phantasmal warrior hits you!
* * * LOW HITPOINT WARNING * * *
You block the brown ugly thing's attack.
The death knight hits you with a +3 great mace!!
You die...

*,,* *#.#**##..........# *,,*
*..###.#...##..### *,,*
*,#.#..........# ,,,*
*,*#.#.....##.##
,*,***###.##.##..####.# *******
,*,,,.........#########****,,,,,,
,****####.####.#.#W#,*,*^*******,
,* *#,** ##W#u#,*,*,*,* *,
,*******,,,**#.#@#W*,*,*,** *,
,,,,,,,,,,,,,##.#p#,*,*,*,* *,
********,,,**#.#,#J#,*,*,** **
,,,,,,,,,,** ##,*,#z#,*,*,* *
*********** *,*,*,#.#,*,** *
**,*,*,#?#,*∩* * *******##**** *


You could see a death knight, a brown ugly thing, a skeletal warrior, a slime
creature, a phantasmal warrior and a wraith.

Vanquished Creatures
  A ghost moth (shapeshifter) (Lair:5)
  A minotaur (Gauntlet)
  Josephine (Lair:4)
  A fire dragon (D:10)
  A catoblepas (Lair:4)
  8 hydras
  4 centaur warriors (D:14)
  A boulder beetle (Lair:4)
  4 two-headed ogres
  3 thrashing horrors (Lair:5)
  The ghost of Ekaitz the Reanimator, a novice DsNe of Sif Muna (D:7)
  2 large abominations (Lair:5)
  An orange crystal statue (D:14)
  An orb spider (Lair:3)
  2 deep elf pyromancers
  4 ugly things
  A will-o-the-wisp (Lair:3)
  A manticore (D:13)
  10 elephants (Lair:2)
  5 black mambas
  Joseph (D:10)
  An ice statue (Gauntlet)
  An unseen horror (D:11)
  2 torpor snails (Lair:4)
  Maggie (D:7)
  2 gargoyles
  A kobold demonologist (D:11)
  8 cane toads
  14 komodo dragons
  An efreet (D:13)
  A rime drake (Gauntlet)
  A komodo dragon (shapeshifter) (Lair:5)
  Psyche (D:8)
  An ancient zyme (Lair:5)
  A wind drake (shapeshifter) (Lair:5)
  4 trolls (D:12)
  2 hornets
  A meliai (shapeshifter) (Lair:5)
  3 raiju (Gauntlet)
  3 slime creatures (D:13)
  18 blink frogs
  24 dream sheep
  2 spriggans (Lair:5)
  9 wraiths
  42 yaks
  A ynoxinul (Lair:5)
  4 wyverns
  5 shadows
  A yak (shapeshifter) (D:13)
  2 steam dragons (Gauntlet)
  7 basilisks
  3 chaos spawn (Lair:5)
  4 vampire mosquitoes (D:14)
  An acid dragon (D:8)
  Duvessa (D:7)
  10 water moccasins
  An orc warrior (D:6)
  2 ice beasts
  2 sky beasts
  5 black bears
  2 ogres
  9 small abominations (Lair:5)
  50 wolves
  2 centaurs
  2 phantoms
  16 kobold brigands
  8 bullfrogs
  A scorpion (D:5)
  Dowan (D:7)
  4 troll zombies (D:9)
  3 killer bees (D:9)
  A howler monkey (D:4)
  2 lava snakes (D:14)
  2 jellies
  A hound (D:5)
  4 orc priests
  3 iguanas
  Ijyb (D:5)
  16 orc wizards
  5 hell rats (Lair:2)
  A lightning spire (Gauntlet)
  An ogre zombie (D:9)
  5 adders
  2 shadow imps (D:11)
  A white imp (D:8)
  2 ufetubi
  A worm (D:4)
  3 dart slugs
  31 orcs
  11 endoplasms
  4 giant cockroaches
  2 goblins (D:3)
  4 hobgoblins
  4 jackals (D:1)
  7 quokkas
  4 ball pythons
  4 bats
  4 frilled lizards
  2 goblin zombies (D:9)
  2 hobgoblin skeletons (D:9)
  2 hobgoblin zombies (D:9)
  35 kobolds
  7 kobold skeletons (D:11)
  11 kobold zombies (D:11)
  2 orc skeletons (D:9)
  11 orc zombies (D:9)
  7 rats
550 creatures vanquished.

Vanquished Creatures (collateral kills)
  2 yaks (Lair:4)
  A water moccasin (Lair:4)
  2 wolves (Lair:4)
5 creatures vanquished.

Vanquished Creatures (others)
  A hydra (Lair:4)
  A bush (D:2)
  2 foxfires (Lair:3)
  27 fungi
  39 plants
70 creatures vanquished.

Grand Total: 625 creatures vanquished

Notes
Turn   | Place    | Note
-------+----------+-------------------------------------------
     0 | D:1      | jejorda2 the Merfolk Berserker began the quest for the Orb.
     0 | D:1      | Reached XP level 1. HP: 18/18 MP: 1/1
   204 | D:1      | Reached XP level 2. HP: 24/24 MP: 2/2
   657 | D:1      | Reached XP level 3. HP: 23/29 MP: 3/3
   969 | D:1      | Reached skill level 5 in Polearms
  1189 | D:2      | Reached ** piety under Trog
  1658 | D:2      | Reached XP level 4. HP: 32/37 MP: 4/4
  2351 | D:3      | Found a radiant altar of Vehumet.
  2601 | D:3      | Reached skill level 6 in Polearms
  2601 | D:3      | Reached XP level 5. HP: 26/42 MP: 5/5
  3198 | D:3      | Found a broken altar of Ashenzari.
  3334 | D:4      | Found a stormy altar of Qazlal.
  3510 | D:4      | Noticed a centaur
  3524 | D:4      | Killed a centaur
  3525 | D:4      | Reached skill level 7 in Polearms
  3525 | D:4      | Reached XP level 6. HP: 36/49 MP: 6/6
  3872 | D:4      | Found a white marble altar of Elyvilon.
  3924 | D:4      | Noticed a black bear
  3934 | D:4      | Killed a black bear
  4075 | D:4      | Found a basalt altar of Yredelemnul.
  4193 | D:5      | Entered Level 5 of the Dungeon
  4203 | D:5      | Reached skill level 5 in Fighting
  4203 | D:5      | Reached XP level 7. HP: 49/56 MP: 7/7
  4206 | D:5      | Identified a scroll of acquirement
  4206 | D:5      | Acquired the +0 pair of gloves of Hangman {rElec rPois}
  4357 | D:5      | Reached skill level 8 in Polearms
  4639 | D:5      | Noticed Ijyb
  4654 | D:5      | Killed Ijyb
  5241 | D:6      | Found a sparkling altar of Nemelex Xobeh.
  5290 | D:6      | Reached skill level 9 in Polearms
  5290 | D:6      | Reached XP level 8. HP: 64/64 MP: 8/8
  5441 | D:6      | Reached skill level 10 in Polearms
  5530 | D:6      | Found a staircase to the Ecumenical Temple.
  5727 | D:6      | Reached skill level 11 in Polearms
  6286 | D:6      | Reached XP level 9. HP: 64/69 MP: 9/9
  6369 | D:7      | Identified the +5 ring mail of Divine Compulsion {rC+ Str+3
                  | Dex+5}
  6371 | D:7      | Noticed Maggie
  6409 | D:7      | Killed Maggie
  6410 | D:7      | Reached skill level 12 in Polearms
  6471 | D:7      | Found a runed translucent door.
  6471 | D:7      | Noticed Ekaitz's ghost (novice DsNe)
  6482 | D:7      | Reached skill level 5 in Armour
  6658 | D:7      | Found a shadowy altar of Dithmenos.
  6956 | D:7      | Noticed Dowan
  6957 | D:7      | Noticed Duvessa
  6971 | D:7      | Killed Duvessa
  6975 | D:7      | Killed Dowan
  6976 | D:7      | Reached skill level 13 in Polearms
  7207 | D:7      | Killed Ekaitz's ghost
  7208 | D:7      | Reached skill level 14 in Polearms
  7313 | D:8      | Reached XP level 10. HP: 56/76 MP: 10/10
  7491 | D:8      | Found a sacrificial altar of Ru.
  7494 | D:8      | Found a glowing golden altar of the Shining One.
  7597 | D:8      | Identified the ring "Hiafaekk" {Ice Str+5}
  7622 | D:8      | Found an opulent altar of Gozag.
  7624 | D:8      | Noticed Psyche
  7630 | D:8      | Killed Psyche
  7800 | D:8      | Paralysed by a hornet for 2 turns
  8488 | D:9      | Found a bloodstained altar of Trog.
  8590 | D:9      | Found a staircase to the Orcish Mines.
  8640 | D:9      | Reached skill level 15 in Polearms
  8659 | D:9      | Found a staircase to the Lair.
  8807 | D:9      | Found a shimmering altar of Xom.
  8807 | D:9      | Found a shimmering altar of Xom.
  8807 | D:9      | Found a shimmering altar of Xom.
  8807 | D:9      | Found a shimmering altar of Xom.
  8807 | D:9      | Found a shimmering altar of Xom.
  8807 | D:9      | Found a shimmering altar of Xom.
  8807 | D:9      | Noticed Pikel
  8851 | D:9      | Reached *** piety under Trog
  8856 | D:9      | Noticed a two-headed ogre
  8865 | D:9      | Killed a two-headed ogre
  9251 | D:9      | Reached skill level 5 in Dodging
  9815 | D:9      | Noticed an anaconda
  9867 | D:10     | Entered Level 10 of the Dungeon
  9867 | D:10     | Noticed a two-headed ogre
  9872 | D:10     | Killed a two-headed ogre
  9888 | D:10     | Noticed a fire dragon
  9912 | D:10     | Killed a fire dragon
  9913 | D:10     | Reached XP level 11. HP: 53/89 MP: 11/11
 10151 | D:10     | Noticed Joseph
 10159 | D:10     | Paralysed by Joseph for 3 turns
 10172 | D:10     | Killed Joseph
 10339 | D:10     | Noticed a two-headed ogre
 10350 | D:10     | Killed a two-headed ogre
 10351 | D:10     | Found an ancient bone altar of Kikubaaqudgha.
 10361 | D:10     | Noticed a two-headed ogre
 10371 | D:10     | Killed a two-headed ogre
 10372 | D:10     | Reached skill level 10 in Fighting
 10394 | D:10     | Paralysed by a hornet for 2 turns
 10406 | D:10     | Reached skill level 16 in Polearms
 10557 | D:10     | Identified the ring "Cofik" {Will+ AC+4 Int+4}
 10995 | Lair:1   | Entered Level 1 of the Lair of Beasts
 11860 | Lair:1   | Reached skill level 17 in Polearms
 11864 | Lair:1   | Reached XP level 12. HP: 58/102 MP: 12/12
 12126 | Lair:2   | Reached skill level 1 in Throwing
 12132 | Lair:2   | Reached **** piety under Trog
 12604 | Lair:2   | Reached skill level 18 in Polearms
 12604 | Lair:2   | Noticed an eight-headed hydra
 12618 | Lair:2   | Killed an eight-headed hydra
 12926 | Lair:2   | Reached skill level 5 in Throwing
 13757 | Lair:3   | Found a staircase to the Swamp.
 13872 | Lair:3   | Found a hole to the Spider Nest.
 14444 | Lair:4   | Noticed a six-headed hydra
 14452 | Lair:4   | Killed a six-headed hydra
 14453 | Lair:4   | Reached XP level 13. HP: 103/108 MP: 13/13
 14683 | Lair:4   | Reached skill level 19 in Polearms
 14827 | Lair:4   | Noticed Josephine
 14833 | Lair:4   | Killed Josephine
 15677 | Lair:5   | Entered Level 5 of the Lair of Beasts
 15945 | Lair:5   | Reached skill level 20 in Polearms
 15953 | Lair:5   | Reached ***** piety under Trog
 16000 | Lair:5   | Reached XP level 14. HP: 115/115 MP: 14/14
 16050 | Lair:5   | Received a gift from Trog
 16468 | Lair:5   | Reached skill level 1 in Stealth
 16979 | Lair:5   | Found a staircase to the Slime Pits.
 16980 | Lair:5   | Found a viscous altar of Jiyva.
 17253 | Lair:5   | Identified the ring "Ijiholem" {rF+ SInv}
 17263 | Lair:5   | Reached skill level 10 in Throwing
 17567 | Lair:5   | Reached skill level 10 in Armour
 17583 | Lair:5   | Killed a ghost moth
 17674 | Lair:5   | Found a corrupted altar of Lugonu.
 17674 | Lair:5   | Found a one-way gate to the infinite horrors of the Abyss.
 18030 | D:11     | Found Lamang's Antique Armour Shoppe.
 18039 | D:11     | Bought a runed chain mail for 240 gold pieces
 18039 | D:11     | Bought a glowing chain mail for 240 gold pieces
 18039 | D:11     | Bought an embroidered scarf for 256 gold pieces
 18511 | D:11     | Found an ancient bone altar of Kikubaaqudgha.
 19233 | D:12     | Acquired the +2 pair of boots of Sin {+Blink}
 19538 | D:12     | Found Piosir's Assorted Antiques.
 20103 | D:13     | Reached XP level 15. HP: 109/120 MP: 15/15
 20811 | D:14     | Found a gate leading to a gauntlet.
 20816 | Gauntlet | Entered a Gauntlet
 20816 | Gauntlet | Found a transporter.
 20826 | Gauntlet | Found a transporter.
 20841 | Gauntlet | Found a transporter.
 20846 | Gauntlet | Found a transporter.
 20866 | Gauntlet | Found a transporter.
 20880 | Gauntlet | Found a transporter.
 20889 | Gauntlet | Found a transporter.
 20904 | Gauntlet | Found a transporter.
 20904 | Gauntlet | Noticed a cacodemon
 20916 | Gauntlet | Found a transporter.
 20928 | Gauntlet | Found a transporter.
 20945 | Gauntlet | Found a transporter.
 20963 | Gauntlet | Found a transporter.
 20965 | Gauntlet | Found a transporter.
 20990 | Gauntlet | Found a transporter.
 20994 | Gauntlet | Found a transporter.
 20994 | Gauntlet | Found a transporter.
 21016 | Gauntlet | Found a transporter.
 21094 | Gauntlet | Found a transporter.
 21511 | Gauntlet | Identified the +1 cloak of the Valley {rCorr Int+2}
 22137 | D:14     | Mangled by a death knight

Illustrated notes

Levels and vault maps discovered:
D:1:      evilmike_arrival_rings, layout_basic, minmay_pentomino_x4
D:2:      layout_loops_corners, minmay_misc_feat_ornament, minmay_hedge_maze
D:3:      layout_loops_ring, lemuel_coloured_pillars_altar,
          nicolae_vehumet_radiance, kennysheep_small_spiral, st_stairs_10,
          minivault_19
D:4:      layout_gridville, kennysheep_ying_yang, grunt_qazlal_sundering,
          minivault_19
D:5:      layout_basic, uniq_ijyb
D:6:      black_bear_nest_1, layout_loops_corners,
          nemelex_xobeh_ov_fountains_minmay, minmay_temple_entry_wispy
D:7:      layout_basic, nicolae_overflow_hidden_temple,
          ebering_ghost_inner_flame, uniq_duvessa, uniq_maggie
D:8:      layout_basic, grunt_gozag_statues, mainiacjoe_overflow_catwalk_spiral,
          uniq_psyche
D:9:      layout_loops_cross, xom_shifter_show, mainiacjoe_overflow_paths,
          lair_entry_dummy, zombieorc1_lemuel, serial_co_window_serial,
          co_window_paths_a, co_window_paths_a, co_window_corner_a,
          co_window_paths_a, co_window_paths_a, co_window_of_opportunity_a,
          co_window_corner_b, co_window_broadway_b, co_window_unsneaky_path_c,
          co_window_corner_b, co_window_of_opportunity_b, co_window_4corner_a,
          billiards_dpeg, uniq_pikel
D:10:     layout_irregular_city, kiku_gazebo_pond_becter, uniq_joseph
D:11:     wander_kiku_kobolds, layout_stronghold, serial_shops,
          nicolae_shop_statue_plus
D:12:     layout_long_grid, serial_shops, nicolae_shop_overgrown_old_shop
D:13:     layout_cave_pods
D:14:     layout_loops_ring, david_vaults_5, minmay_staircase_windowed_small,
          gauntlet_entry_generic, disabler_island
Lair:1:   layout_loops_ring
Lair:2:   layout_cave_pods
Lair:3:   layout_loops_ring, minmay_swamp_entry_wisps,
          nicolae_spider_entry_orb_guardian
Lair:4:   nzn_winding_woodlands_three_and_one
          [nzn_winding_woodlands_5x15_zeroes, nzn_winding_woodlands_5x15_garden,
          nzn_winding_woodlands_5x15_default,
          nzn_winding_woodlands_center_pierced_h], layout_cave_pods,
          grunt_forest_large_clearings, uniq_josephine
Lair:5:   hellmonk_lair_end_abyssal_woods, layout_small_grid, slime_entry_1,
          st_stairs_4, grunt_megastairs_2

Skill      XL: |  1  2  3  4  5  6  7  8  9 10 11 12 13 14 15 |
---------------+----------------------------------------------+-----
Polearms       | 5 6 7 9 11 14 15 17 18 20 | 20.0
Armour         | 2 3 4 5 6 7 9 10 11 | 11.5
Fighting       | 4 5 6 9 12 | 12.0
Dodging        | 6 |  6.0
Throwing       | 5 8 11 12 | 12.0
Stealth        | 3 |  3.0

Action                   |  1- 3 |  4- 6 |  7- 9 | 10-12 | 13-15 || total
-------------------------+-------+-------+-------+-------+-------++-------
Melee: Spear             |   143 |    20 |       |       |       ||   163
       Trident           |       |   136 |   269 |   685 |   386 ||  1476
       Punch             |       |       |     3 |     9 |     6 ||    18
       Halberd           |       |       |       |       |   677 ||   677
Throw: Stone             |       |       |       |     9 |    11 ||    20
       Dart              |       |       |       |     1 |       ||     1
Invok: Berserk           |     1 |     3 |     6 |     9 |    12 ||    31
       Trog's Hand       |     1 |     1 |     3 |     5 |    10 ||    20
       Brothers in Arms  |       |       |       |       |     3 ||     3
Evoke: Wand              |       |       |       |       |     2 ||     2
  Use: Potion            |       |     1 |       |       |     6 ||     7
       Scroll            |       |       |    17 |     6 |     7 ||    30
 Stab: Sleeping          |     2 |       |       |       |     2 ||     4
       Distracted        |       |       |       |     1 |     1 ||     2
       Paralysed         |       |       |       |       |     2 ||     2
Armor: Animal skin       |     7 |       |       |       |       ||     7
       Ring mail         |    23 |    10 |    23 |   123 |   321 ||   500
       Plate armour      |       |    62 |   105 |       |       ||   167
Dodge: Dodged            |    65 |    47 |    78 |   295 |   624 ||  1109
Block: Other             |       |       |       |       |    18 ||    18
       Reflection        |       |       |       |       |     2 ||     2

Table legend: (Time is in decaauts)
 A = Elapsed time spent in this place.
 B = Non-inter-level travel time spent in this place.
 C = Inter-level travel time spent in this place.
 D = Time resting spent in this place.
 E = Time spent auto-exploring this place.
 F = Levels seen in this place.
 G = Mean time per level.
                   A        B        C        D        E       F      G
               +--------+--------+--------+--------+--------+-----+--------+
         Total |  21643 |  20507 |   1136 |   1693 |  15331 |  20 | 1082.2 |
       Dungeon |  14150 |  13394 |    756 |    952 |  10372 |  14 | 1010.7 |
          Lair |   6641 |   6261 |    380 |    606 |   4598 |   5 | 1328.2 |
      Gauntlet |    851 |    851 |      0 |    135 |    361 |   1 |  851.0 |
               +--------+--------+--------+--------+--------+-----+--------+

Top non-repeatable levels by time:
  Lair:5: 1962 daAuts
     D:9: 1662 daAuts
  Lair:4: 1315 daAuts
  Lair:2: 1300 daAuts
     D:3: 1225 daAuts
     D:6: 1209 daAuts
     D:1: 1125 daAuts
     D:8: 1066 daAuts
  Lair:1: 1054 daAuts
     D:4: 1035 daAuts
  Lair:3: 1008 daAuts
    D:10: 999 daAuts
    D:13: 992 daAuts
     D:2: 920 daAuts
     D:5: 916 daAuts
